Map: Ruins of Endion

Players

Miszu - Winner!

  • Race: Terran Terran
  • League: Grandmaster

Khyira

  • Race: Terran Terran
  • League: Grandmaster

VOD

Have the link to the VOD?

Description

Time

  • Played on: June 4, 2016, 3:54 p.m.
  • Length: 14:03
Show
View Real Time Build Order
Export as new Build Order

Miszu Terran - Winner!

Build Orders: Bio Tank 

Get SALT Encoding   

  12  0:00  SCV  
  13  0:13  SCV  
  14  0:19  Supply Depot  
  14  0:25  SCV  
  15  0:41  SCV  
  16  0:43  Barracks  
  16  0:46  Refinery  
  16  0:53  SCV  
  17  1:09  SCV  
  18  1:22  SCV  
  19  1:35  Orbital Command  
  19  1:41  Command Center  
  19  1:50  Barracks Reactor  
  19  1:55  Supply Depot  
  19  2:00  SCV  
  20  2:05  Refinery  
  20  2:12  SCV  
  21  2:17  Factory  
  21  2:24  SCV  
  21  2:25  Marine  
  21  2:26  Marine  
  24  2:37  SCV  
  25  2:43  Marine x2  
  26  2:49  SCV  
  27  3:01  Starport, Factory Tech Lab  
  27  3:03  Orbital Command  
  27  3:04  SCV  
  28  3:09  Marine x2  
  30  3:24  Widow Mine  
  30  3:25  SCV  
  33  3:27  Marine x2  
  33  3:29  SCV  
  36  3:37  SCV  
  36  3:38  Medivac  
  39  3:41  SCV  
  39  3:43  Supply Depot  
  40  3:49  SCV  
  40  3:54  Siege Tank, SCV  
  45  4:02  SCV  
  46  4:04  Marine x2  
  46  4:06  SCV  
  49  4:10  Viking  
  49  4:14  SCV  
  52  4:18  Supply Depot, SCV  
  51  4:42  SCV  
  51  4:43  SCV  
  48  4:55  Marine  
  48  4:56  Marine  
  48  4:58  SCV  
  49  5:06  SCV  
  46  5:09  Siege Tank  
  46  5:13  Marine  
  50  5:14  Barracks  
  50  5:15  Barracks, Command Center  
  50  5:18  SCV  
  50  5:20  Starport Reactor  
  51  5:21  SCV  
  52  5:32  Marine  
  52  5:33  SCV  
  52  5:34  SCV  
  52  5:35  Refinery  
  55  5:36  Refinery  
  55  5:40  Supply Depot  
  55  5:42  Siege Tank  
  58  5:45  SCV  
  58  5:46  SCV  
  60  5:57  Marine x2  
  60  5:59  SCV  
  60  6:02  SCV  
  63  6:06  Barracks Tech Lab  
  63  6:07  Barracks Tech Lab  
  63  6:11  SCV  
  63  6:13  Engineering Bay  
  63  6:14  Engineering Bay, SCV  
  63  6:15  Marine x2  
  67  6:23  SCV  
  68  6:32  Marine x2  
  67  6:33  Marine, Stimpack, Combat Shields  
  67  6:38  Orbital Command  
  67  6:39  Siege Tank  
  69  6:45  Terran Infantry Weapons Level 1, Terran Infantry Armor Level 1  
  67  6:56  Barracks  
  67  6:57  Barracks  
  67  7:01  Marine x3  
  69  7:02  Medivac  
  69  7:03  Medivac  
  71  7:18  Marine  
  71  7:19  Marine x2  
  74  7:28  Marine  
  74  7:29  Siege Tank, Missile Turret  
  78  7:31  Missile Turret  
  78  7:33  SCV x2, Missile Turret  
  78  7:36  Marine x2  
  82  7:44  Marine  
  82  7:45  SCV x2  
  82  7:51  Supply Depot  
  85  7:52  Supply Depot  
  85  7:53  Barracks Reactor  
  85  7:54  Barracks Reactor  
  85  7:57  Marine x3  
  88  7:59  Missile Turret  
  88  8:00  Medivac  
  88  8:01  Marine  
  91  8:11  Orbital Command  
  90  8:14  Supply Depot  
  90  8:15  Marine  
  90  8:16  Supply Depot, Marine, Siege Tank  
  94  8:32  Marine  
  94  8:33  Marine x7  
  101  8:41  SCV x2  
  101  8:42  SCV  
  94  8:50  Marine  
  94  8:53  SCV  
  92  8:56  Factory  
  92  8:57  Factory  
  82  9:06  SCV x2  
  82  9:08  SCV  
  85  9:18  Missile Turret  
  85  9:21  Refinery  
  85  9:22  Missile Turret  
  85  9:28  Marine  
  85  9:29  Marine x3  
  91  9:38  Missile Turret  
  91  9:39  SCV x2  
  91  9:40  SCV, Missile Turret  
  91  9:42  Factory Tech Lab x2  
  92  9:51  SCV  
  75  10:08  SCV  
  75  10:09  SCV x2  
  75  10:12  Armory  
  75  10:13  Starport  
  78  10:14  Siege Tank  
  78  10:15  Siege Tank, Missile Turret  
  78  10:17  Missile Turret  
  78  10:20  SCV  
  78  10:21  SCV x2  
  81  10:24  Marine  
  77  10:28  Engineering Bay  
  77  10:33  SCV x3  
  80  10:44  Missile Turret  
  80  10:45  SCV x3  
  83  10:51  Medivac  
  83  10:52  Medivac  
  87  10:57  SCV x3  
  90  11:07  Siege Tank x2  
  90  11:09  SCV x3  
  90  11:11  Terran Infantry Armor Level 2  
  99  11:12  Terran Infantry Weapons Level 2  
  99  11:21  SCV x3  
  99  11:23  Refinery  
  99  11:24  Refinery  
  102  11:27  Supply Depot  
  102  11:28  Supply Depot  
  102  11:30  Marine  
  102  11:32  Medivac x2  
  107  11:33  SCV x3  
  110  11:46  Marine  
  110  11:47  Marine x6, Siege Tank  
  112  12:07  Marine x8  
  116  12:08  Siege Tank  
  119  12:19  Siege Tank  
  113  12:24  Marine  
  113  12:25  Marine x7  
  114  12:42  Marine  
  114  12:43  Marine x7  
  125  13:03  Command Center  
  125  13:06  Missile Turret  
  125  13:10  Missile Turret  
  125  13:19  Marine x3  
  125  13:21  Supply Depot  
  125  13:22  Supply Depot x2  
  125  13:42  Marine x6  
  125  13:43  Marine  
Show
View Real Time Build Order
Export as new Build Order

Khyira Terran 

Build Orders: MMM Bio 

Get SALT Encoding   

  12  0:00  SCV  
  13  0:13  SCV  
  14  0:18  Supply Depot  
  14  0:25  SCV  
  15  0:39  SCV  
  15  0:42  Barracks  
  16  0:46  Refinery  
  16  0:51  SCV  
  17  1:03  SCV  
  18  1:16  SCV  
  20  1:33  Reaper, Orbital Command  
  20  1:41  Command Center  
  20  1:49  Supply Depot  
  20  1:58  SCV  
  21  2:05  Factory  
  21  2:07  Marine  
  22  2:16  SCV  
  22  2:17  Refinery  
  23  2:26  Barracks Reactor  
  23  2:28  SCV  
  24  2:40  SCV  
  27  2:52  SCV  
  27  2:53  Orbital Command  
  27  2:56  Starport  
  26  2:58  Widow Mine  
  26  3:04  Marine x2, SCV  
  31  3:17  SCV  
  32  3:21  SCV  
  32  3:22  Marine x2  
  35  3:29  SCV, Widow Mine  
  35  3:30  Supply Depot  
  35  3:32  Medivac  
  35  3:33  SCV  
  41  3:40  Barracks x2  
  41  3:41  SCV  
  41  3:42  Marine  
  41  3:44  Marine  
  44  3:50  SCV  
  44  3:53  SCV  
  44  3:55  Supply Depot  
  46  4:00  Refinery  
  46  4:01  Marine  
  46  4:02  Marine, SCV  
  49  4:05  Factory Tech Lab, SCV  
  50  4:10  Starport Reactor  
  50  4:15  Engineering Bay, SCV  
  51  4:17  SCV  
  51  4:34  SCV x2  
  51  4:36  Marine x2  
  51  4:37  Barracks Tech Lab x2  
  58  4:39  Cyclone  
  50  4:48  SCV x2  
  40  4:56  Marine x4  
  41  5:02  SCV x2  
  39  5:10  Stimpack  
  39  5:12  Medivac  
  39  5:13  Combat Shields  
  42  5:14  SCV  
  42  5:17  SCV  
  41  5:23  Marine x4  
  41  5:28  Medivac  
  47  5:29  SCV  
  47  5:34  SCV  
  49  5:40  Marine  
  49  5:41  SCV  
  49  5:42  Marine x2  
  51  5:43  Marine  
  54  5:51  Siege Tank  
  54  5:54  SCV  
  54  5:55  SCV  
  59  5:58  Marine  
  59  6:00  Marine  
  59  6:04  Marine  
  62  6:05  Refinery  
  62  6:14  Supply Depot  
  62  6:15  Marine, Medivac  
  62  6:16  Terran Infantry Weapons Level 1, SCV x2  
  61  6:34  Marine x3  
  61  6:37  Marine  
  61  6:45  Supply Depot  
  61  6:47  SCV  
  61  6:48  SCV  
  61  6:51  Siege Tank  
  61  6:52  Marine x2  
  68  6:56  Medivac  
  68  7:00  Marine x2  
  72  7:05  SCV x2  
  74  7:10  Marine  
  73  7:17  Marine x2  
  73  7:21  Marine  
  76  7:26  Medivac  
  76  7:27  Marine, Medivac  
  81  7:34  Marine  
  81  7:35  Marine  
  83  7:37  SCV x2  
  83  7:39  Marine  
  86  7:46  Supply Depot  
  86  7:47  Supply Depot  
  86  8:07  Marine x4, Siege Tank  
  86  8:10  Supply Depot  
  86  8:11  Medivac x2  
  97  8:16  Terran Infantry Armor Level 1  
  97  8:17  SCV  
  97  8:18  SCV  
  99  8:34  Marine x3  
  99  8:35  Marine  
  99  8:39  Siege Tank  
  96  8:52  Marine x4  
  84  9:08  Medivac x2  
  81  9:10  Marine x4  
  81  9:16  Siege Tank  
  88  9:19  SCV x2  
  90  9:25  Supply Depot  
  90  9:27  Supply Depot  
  90  9:28  Marine x4  
  94  9:45  Marine  
  94  9:46  Marine x2  
  79  10:06  Marine x4  
  80  10:07  Medivac x2, Siege Tank  
  87  10:14  Barracks x2  
  87  10:23  Marine  
  87  10:24  Marine x3  
  88  10:38  Armory  
  88  10:39  Engineering Bay  
  88  10:41  Marine  
  88  10:42  Marine x3  
  92  10:45  Command Center  
  92  10:51  Medivac x2  
  92  10:55  Siege Tank  
  99  10:59  Marine  
  99  11:09  Supply Depot  
  99  11:10  Barracks Reactor x2, Marine  
  99  11:11  Marine x2  
  100  11:13  SCV x2  
  100  11:17  Marine  
  105  11:25  SCV x2  
  107  11:28  Marine  
  107  11:29  Marine, Terran Infantry Weapons Level 2  
  107  11:30  Terran Infantry Armor Level 2  
  110  11:33  Siege Tank  
  110  11:35  Marine  
  110  11:39  Factory  
  113  11:42  Barracks Reactor  
  113  11:46  Marine, Medivac  
  113  11:47  Marine  
  116  11:53  Marine  
  103  12:01  Marine  
  103  12:04  Marine x2  
  106  12:15  Marine  
  106  12:16  Marine x2  
  106  12:17  Marine, Siege Tank  
  106  12:19  Marine  
  106  12:22  Marine x2  
  101  12:31  Marine x2  
  101  12:33  Marine x2  
  101  12:34  Marine  
  98  12:41  Marine  
  98  12:42  Marine x3  
  98  12:43  Medivac  
  104  12:48  Marine, SCV x2  
  104  12:49  Marine, Orbital Command  
  108  12:51  Marine  
  104  13:00  Marine x3  
  104  13:01  Marine x2  
  109  13:06  Medivac, Siege Tank  
  109  13:12  Siege Tank  
  117  13:13  Marine x3  
  117  13:14  Marine  
  117  13:18  Marine x3  
  124  13:21  Supply Depot  
  124  13:22  Supply Depot  
  124  13:39  Refinery  
  124  13:45  Marine x3  
Tags
 
Add a new tag
Caveats
  • Supply blocks, unpowered buildings, or Contaminate may cause inaccurate times.
  • Supply counts are checked every 10 seconds.